 Dungeon Crawl Stone Soup version 0.25.1-2-g60ff931df9 (webtiles) character file.

Game seed: 17061218152856890114

39 gruber the Ruffian (level 3, -2/28 HPs)
             Began as a Draconian Transmuter on Oct 4, 2020.
             Slain by an adder (3 damage)
             ... on level 2 of the Dungeon.
             The game lasted 00:01:09 (1548 turns).

gruber the Ruffian (Draconian Transmuter)           Turns: 1548, Time: 00:01:10

Health: -2/28      AC:  6    Str: 12    XL:     3   Next: 26%
Magic:  5/6        EV: 12    Int: 14    God:
Gold:   50         SH:  0    Dex: 11    Spells: 5/6 levels left

rFire    . . .     SeeInvis .     - Unarmed
rCold    . . .     Gourm    .   (no shield)
rNeg     . . .     Faith    .   (armour unavailable)
rPois    .         Spirit   .   (helmet restricted)
rElec    .         Reflect  .   e - +0 cloak
rCorr    .         Harm     .   (no gloves)
MR       .....                  (no boots)
Stlth    +.........             (no amulet)
HPRegen  0.09/turn              (no ring)
MPRegen  0.10/turn              (no ring)

@: lethally poisoned (-2 -> -18)
A: unfitting armour, cold-blooded, AC +5
a: no special abilities


You were on level 2 of the Dungeon.
You were very hungry.

You visited 1 branch of the dungeon, and saw 2 of its levels.

You collected 50 gold pieces.

Inventory:

Missiles
 a - 12 arrows
Armour
 e - a +0 cloak (worn)
Scrolls
 b - 3 scrolls of identify {unknown}
 d - a scroll of teleportation {unknown}
Comestibles
 c - 2 rations


   Skills:
 - Level 1.1 Fighting
 - Level 1.7 Dodging
 + Level 4.4 Unarmed Combat
 - Level 2.0 Spellcasting
 - Level 2.0 Transmutations


You had 5 spell levels left.
You knew the following spells:

 Your Spells              Type           Power        Failure   Level  Hunger
a - Beastly Appendage     Tmut           #.....       11%         1    ##.....

Your spell library contained the following spells:

 Spells                   Type           Power        Failure   Level  Hunger
 Sticks to Snakes         Tmut           #.......     16%         2    ###....
 Spider Form              Tmut/Pois      #.........   43%         3    ####...
 Ice Form                 Ice/Tmut       #.......     83%         4    #####..
 Blade Hands              Tmut           #.........   96%         5    ######.


Dungeon Overview and Level Annotations

Branches:
Dungeon (2/15)

Altars:
Elyvilon
Yredelemnul
The Shining One

Annotations:
D:2 1 runed translucent door, 2 transporters, Crazy Yiuf


Innate Abilities, Weirdness & Mutations

Your plain brown scales are hard. (AC +5)
You cannot fit into any form of body armour.
You are cold-blooded and may be slowed by cold attacks.


Message History

You hit the adder. You claw the adder.
The adder is severely wounded.
* * * LOW HITPOINT WARNING * * *
You feel sick. The adder completely misses you.
You closely miss the adder. Your kick misses the adder.
The adder is severely wounded.
Your transformation is almost over.
* * * LOW HITPOINT WARNING * * *
You feel sick. The adder bites you.
* * * LOW HITPOINT WARNING * * *
You are more poisoned.
The adder poisons you!
Unknown command.
It was a potion of cancellation.
Your magical effects are unravelling.
You feel magically purged.
Your talons disappear.
* * * LOW HITPOINT WARNING * * *
You feel sick. The adder bites you.
You die...

..#########..#
.##...©...##.#
.#8.##.##.8#.#
.#..##.##?$#.##
.#.......%Z#..##
©#..©....$K#©..#
.#.......?S#...## ##
.#..##.##%F#....###...##
.#8.##.##.8#..#.@S......
.##.......##..#...>.....
..#########..####......#
#............ .#...##
.....######## ##...#
###### #... .## #


You could see a water moccasin, a bullfrog, an adder, a kobold and a bat
skeleton.

Vanquished Creatures
  A dart slug (D:1)
  5 hobgoblins (D:1)
  2 jackals (D:1)
  7 kobolds (D:1)
  2 ball pythons (D:1)
  A bat (D:1)
  2 frilled lizards (D:1)
  8 goblins (D:1)
  5 rats (D:1)
33 creatures vanquished.

Notes
Turn   | Place    | Note
-------+----------+-------------------------------------------
     0 | D:1      | gruber the Draconian Transmuter began the quest for the
                  | Orb.
     0 | D:1      | Reached XP level 1. HP: 16/16 MP: 3/3
   270 | D:1      | Reached XP level 2. HP: 23/23 MP: 3/5
   567 | D:1      | Reached skill level 4 in Unarmed Combat
   891 | D:1      | Reached XP level 3. HP: 28/28 MP: 6/6
  1459 | D:2      | Found a runed translucent door.
  1460 | D:2      | Noticed Crazy Yiuf
  1497 | D:2      | Found a transporter.
  1505 | D:2      | Found a transporter.
  1505 | D:2      | Noticed a bullfrog
  1513 | D:2      | Found a basalt altar of Yredelemnul.
  1514 | D:2      | Found a white marble altar of Elyvilon.
  1514 | D:2      | Found a glowing golden altar of the Shining One.
  1514 | D:2      | Noticed a water moccasin
  1548 | D:2      | HP: 1/28 [poisoned by an adder]
  1548 | D:2      | Slain by an adder

Illustrated notes

Levels and vault maps discovered:
D:1:      dpeg_arrival_pits, layout_basic
D:2:      layout_loops_ring, gammafunk_temple_overflow_arena,
          uniq_crazy_yiuf_cottage

Skill      XL: |  1  2 |
---------------+-------+-----
Unarmed Combat | 4 |  4.4
Fighting       | |  1.1
Dodging        | |  1.7
Spellcasting   | |  2.0
Transmutations | |  2.0

Action                   || total
-------------------------++-------
Melee: Unarmed           ||   120
       Tailslap          ||     7
       Kick              ||     2
       Punch             ||     2
       Headbutt          ||     2
 Cast: Beastly Appendage ||     8
  Use: Potion            ||     1
  Eat: Chunk             ||     1
Armor: Skin              ||    41
Dodge: Dodged            ||    76
